 Dungeon Crawl Stone Soup version 0.30.1-11-g7821555f0a (webtiles) character file.

Game seed: 8990204082982254580

196 Okkudo the Chopper (level 5, 0/48 HPs)
             Began as a Hill Orc Monk on Nov 28, 2023.
             Slain by a sleepcap (4 damage)
             ... on level 4 of the Dungeon.
             The game lasted 00:12:07 (3809 turns).

Okkudo the Chopper (Hill Orc Monk)                  Turns: 3809, Time: 00:12:08

Health: 0/48       AC:  9    Str: 15 (16) XL:     5   Next: 74%
Magic:  5/5        EV:  7    Int:  7 (10) God:
Gold:   121        SH:  0    Dex: 10 (13) Spells: 4/4 levels left

rFire   . . .        a - +0 hand axe
rCold   . . .        d - orb {light}
rNeg    . . .        j - +0 chain mail
rPois   .            (no helmet)
rElec   .            (no cloak)
rCorr   .            (no gloves)
SInv    .            b - +0 pair of boots
Will    .....        (no amulet) Stlth
                     (no ring)
HPRegen 0.28/turn    (no ring)
MPRegen 0.09/turn

%: no passive effects
@: glowing
A: no striking features
a: no special abilities


You were on level 4 of the Dungeon.
You visited 1 branch of the dungeon, and saw 4 of its levels.

You collected 121 gold pieces.

Inventory:

Hand Weapons
 a - a +0 hand axe (weapon)
Armour
 b - a +0 pair of boots (worn)
 d - an orb of light (worn)
 j - a +0 chain mail (worn)
Wands
 p - a wand of flame (20)
Scrolls
 f - a scroll of magic mapping
 i - 2 scrolls of teleportation
Potions
 k - 3 potions of curing
 l - 2 potions of heal wounds
 o - a potion of flight


   Skills:
 * Level 5.3 Fighting
 * Level 5.9 Axes
 + Level 1.3 Armour
 - Level 3.0 Dodging


You had 4 spell levels left.
You didn't know any spells.
Your spell library was empty.

Dungeon Overview and Level Annotations

Branches:
Dungeon (4/15)
 Temple: D:4-7

Altars:

Shops:
D:3 !:!!?


Message History

You fall asleep.
The sleepcap releases spores at you!!
You wake up.
You hit the sleepcap.
The sleepcap is moderately damaged.
The sleepcap releases spores at you but does no damage.
You hit the sleepcap but do no damage.
The sleepcap is moderately damaged.
The sleepcap releases spores at you but does no damage.
You hit the sleepcap but do no damage.
The sleepcap is moderately damaged.
The sleepcap releases spores at you.
You hit the sleepcap.
The sleepcap is moderately damaged.
The sleepcap barely misses you.
You hit the sleepcap but do no damage.
The sleepcap is moderately damaged.
The sleepcap closely misses you.
You hit the sleepcap but do no damage.
The sleepcap is moderately damaged.
The sleepcap barely misses you.
You hit the sleepcap.
The sleepcap is heavily damaged.
The sleepcap completely misses you.
You hit the sleepcap.
The sleepcap is severely damaged.
The sleepcap releases spores at you but does no damage.
You hit the sleepcap.
The sleepcap is almost destroyed.
The sleepcap releases spores at you but does no damage.
You hit the sleepcap but do no damage.
The sleepcap is almost destroyed.
The sleepcap releases spores at you.
You are engulfed in a cloud of soporific spores!
You fall asleep.
The sleepcap releases spores at you!
You wake up.
* * * LOW HITPOINT WARNING * * *
You hit the sleepcap but do no damage.
The sleepcap is almost destroyed.
The sleepcap releases spores at you.
You die...

..?....##..#..###
###
...........#....#
..............#.#
...........####.#
...........# #.#
## ######....#
#.### #. #......#
#...# #. #.#f...#
###.#####.
#..#@...#
#....... #..
#....# ########
...# ###### ####


You could see a sleepcap.

Vanquished Creatures
  Ijyb (D:3)
  4 gnolls (D:3)
  3 adders
  2 worms
  A dart slug (D:4)
  6 orcs (D:3)
  10 ball pythons
  9 bats
  6 endoplasms
  4 giant cockroaches
  7 goblins
  8 hobgoblins
  7 jackals
  7 kobolds
  3 quokkas
  3 frilled lizards
  7 rats
88 creatures vanquished.

Notes
Turn   | Place    | Note
-------+----------+-------------------------------------------
     0 | D:1      | Okkudo the Hill Orc Monk began the quest for the Orb.
     0 | D:1      | Reached XP level 1. HP: 19/19 MP: 1/1
   107 | D:1      | Reached XP level 2. HP: 19/27 MP: 2/2
   790 | D:1      | Reached XP level 3. HP: 33/33 MP: 3/3
  1418 | D:2      | Reached XP level 4. HP: 32/41 MP: 4/4
  1811 | D:2      | Reached skill level 5 in Axes
  2395 | D:3      | Found Saschoaff's Distillery.
  2567 | D:3      | Found Zuocs's Distillery.
  2689 | D:3      | Found Yteusu's Book Boutique.
  2756 | D:3      | Found Tiopty's Distillery.
  2845 | D:3      | Reached XP level 5. HP: 47/47 MP: 5/5
  2853 | D:3      | Reached skill level 5 in Fighting
  2853 | D:3      | Reached skill level 1 in Armour
  3053 | D:3      | Found Gafanu's Magic Scroll Shop.
  3164 | D:3      | Noticed Ijyb
  3176 | D:3      | Killed Ijyb
  3809 | D:4      | Slain by a sleepcap

Illustrated notes

Levels and vault maps discovered:
D:1:      amcnicky_arrival_blooded_trapdoor, layout_loops_corners
D:2:      layout_loops_corners
D:3:      layout_loops_corners, serial_shops,
          nicolae_shop_temple_entry_statues_fountains,
          nicolae_shop_tiny_statue_garden, nicolae_shop_advertising_works
          [nicolae_subvault_shop_adworks], nicolae_shop_getting_attention,
          nicolae_shop_crystal, nicolae_underground_beach, uniq_ijyb
D:4:      layout_basic

Skill      XL: |  1  2  3  4  5 |
---------------+----------------+-----
Fighting       | 4 5 |  5.3
Dodging        | 3 |  3.0
Axes           | 5 |  5.9
Armour         | 1 |  1.3

Action                     |  1- 3 |  4- 6 || total
---------------------------+-------+-------++-------
  Melee: Hand axe          |   123 |   203 ||   326
    Use: Scroll            |       |     5 ||     5
         Potion            |       |     5 ||     5
 Armour: Robe              |     4 |       ||     4
         Ring mail         |    34 |       ||    34
         Chain mail        |     7 |    92 ||    99
  Dodge: Dodged            |    60 |    70 ||   130
